 Dungeon Crawl Stone Soup version 0.23.2-33-g5129a83184 (webtiles) character file.

Game seed: 2539406965192873583

84 doot the Magician (level 4, -1/24 HPs)
             Began as a Deep Elf Wizard on July 1, 2019.
             Slain by an ogre
             ... wielding a +0 giant club
              (25 damage)
             ... on level 4 of the Dungeon.
             The game lasted 00:04:24 (2255 turns).

doot the Magician (Deep Elf Wizard)                 Turns: 2255, Time: 00:04:25

Health: -1/24      AC:  2    Str:  4    XL:     4   Next: 24%
Magic:  1/14       EV: 13    Int: 24    God:
Gold:   101        SH:  0    Dex: 13    Spells: 4/15 levels left

rFire    . . .     SeeInvis .   (no weapon)
rCold    . . .     Gourm    .   (no shield)
rNeg     . . .     Faith    .   a - +0 robe
rPois    .         Spirit   .   b - +0 hat
rElec    .         Reflect  .   (no cloak)
rCorr    .         Harm     .   (no gloves)
MR       .....                  (no boots)
Stlth    ++........             (no amulet)
HPRegen  0.08/turn              (no ring)
MPRegen  0.14/turn              (no ring)

@: very slightly contaminated
A: no striking features
a: no special abilities


You were on level 4 of the Dungeon.
You were not hungry.

You visited 1 branch of the dungeon, and saw 4 of its levels.

You collected 101 gold pieces.

Inventory:

Armour
 a - a +0 robe (worn)
 b - a +0 hat (worn)
Scrolls
 c - a scroll of enchant armour {unknown}
 e - a scroll of teleportation {unknown}
 f - a scroll of identify
 i - a scroll of remove curse {unknown}
 k - a scroll of magic mapping {unknown}
 n - a scroll of enchant weapon {unknown}
 o - a scroll of blinking {unknown}
 p - a scroll of fog {unknown}
Potions
 g - a potion of flight
 h - a potion of curing
 j - a potion of heal wounds
 m - a potion of mutation
Comestibles
 d - 2 rations
 l - 2 chunks of flesh


   Skills:
 + Level 3.1 Dodging
 + Level 2.7 Stealth
 + Level 6.2 Spellcasting
 + Level 1.7 Conjurations
 + Level 1.1 Summonings
 + Level 1.2 Translocations


You had 4 spell levels left.
You knew the following spells:

 Your Spells              Type           Power        Failure   Level  Hunger
a - Magic Dart            Conj           ###.         3%          1    None
b - Blink                 Tloc           N/A          7%          2    None
c - Call Imp              Summ           ##......     8%          2    None
d - Conjure Flame         Conj/Fire      ##......     16%         3    None
e - Mephitic Cloud        Conj/Pois/Air  ##......     19%         3    None

Your spell library contained the following spells:

 Spells                   Type           Power        Failure   Level  Hunger
 Slow                     Hex            #.......     12%         2    None


Dungeon Overview and Level Annotations

Branches:
Dungeon (4/15)
 Temple: D:4-7

Altars:


Message History

Casting: Magic Dart (safe; 3% risk of failure)
Confirm with . or Enter, or press ? or * to list all spells.
Aiming: Magic Dart (safe; 3% risk of failure)
Press: ? - help, Shift-Dir - straight line, f/p - ogre
Aim: an ogre, wielding a +0 giant club (heavily wounded)
The magic dart hits the ogre.
The ogre is severely wounded.
Casting: Magic Dart (safe; 3% risk of failure)
Confirm with . or Enter, or press ? or * to list all spells.
Aiming: Magic Dart (safe; 3% risk of failure)
Press: ? - help, Shift-Dir - straight line, f/p - ogre
Aim: an ogre, wielding a +0 giant club (severely wounded)
The magic dart hits the ogre.
The ogre is almost dead.
Casting: Magic Dart (safe; 3% risk of failure)
Confirm with . or Enter, or press ? or * to list all spells.
You blink.
The ogre hits you with a +0 giant club!!
Ouch! That really hurt!
You die...

# .## ..# #.#
#######.##
.........#
.#######...<.#
.......).[@###
.########O##
#...ยง#
.....[.####
.......
##.....
.......
##..... #.....


You could see an ogre.

Vanquished Creatures
  An iguana (D:3)
  An adder (D:1)
  2 dart slugs
  An orc (D:4)
  A ball python (D:1)
  A giant cockroach (D:1)
  5 goblins
  6 hobgoblins
  6 jackals
  3 kobolds
  5 bats
  3 frilled lizards
  A leopard gecko skeleton (D:3)
  6 rats
42 creatures vanquished.

Notes
Turn   | Place    | Note
-------+----------+-------------------------------------------
     0 | D:1      | doot the Deep Elf Wizard began the quest for the Orb.
     0 | D:1      | Reached XP level 1. HP: 10/10 MP: 7/7
   458 | D:1      | Reached XP level 2. HP: 15/15 MP: 6/9
   554 | D:1      | Reached skill level 5 in Spellcasting
   561 | D:1      | Learned a level 2 spell: Blink
   564 | D:1      | Learned a level 2 spell: Call Imp
  1419 | D:2      | Reached XP level 3. HP: 19/19 MP: 2/12
  1636 | D:2      | Learned a level 3 spell: Conjure Flame
  1640 | D:2      | Learned a level 3 spell: Mephitic Cloud
  2112 | D:3      | Reached skill level 6 in Spellcasting
  2112 | D:3      | Reached XP level 4. HP: 24/24 MP: 5/14
  2238 | D:4      | Noticed an ogre
  2255 | D:4      | Slain by an ogre

Skill      XL: |  1  2  3 |
---------------+----------+-----
Spellcasting   | 5 6 |  6.2
Dodging        | 3 |  3.1
Stealth        | |  2.7
Conjurations   | |  1.7
Summonings     | |  1.1
Translocations | |  1.2

Action                   |  1- 3 |  4- 6 || total
-------------------------+-------+-------++-------
Melee: Unarmed           |     1 |       ||     1
 Cast: Magic Dart        |   107 |    17 ||   124
       Conjure Flame     |     1 |     1 ||     2
       Blink             |     1 |     1 ||     2
       Mephitic Cloud    |     1 |       ||     1
  Use: Scroll            |     4 |       ||     4
 Stab: Distracted        |     1 |       ||     1
  Eat: Chunk             |     3 |     1 ||     4
Armor: Robe              |     7 |       ||     7
Dodge: Dodged            |    29 |       ||    29
